 Dungeon Crawl Stone Soup version 0.29.0-4-gdea44cf6ec (webtiles) character file.

Game seed: 1306013699245768825

1815 qw the Cleaver (level 8, -2/73 HPs)
             Began as a Minotaur Berserker on Sept 9, 2022.
             Was a Priest of Trog.
             Slain by a gnoll
             ... wielding a +0 halberd
             ... led by a gnoll sergeant
              (8 damage)
             ... on level 6 of the Dungeon.
             The game lasted 00:01:48 (5590 turns).

qw the Cleaver (Minotaur Berserker)                 Turns: 5590, Time: 00:01:49

Health: -2/73      AC:  6    Str: 24    XL:     8   Next: 85%
Magic:  7/7        EV: 10    Int:  4    God:    Trog [***...]
Gold:   123        SH:  0    Dex: 10    Spells: 7/7 levels left

rFire   . . .      SeeInvis .   Y - +1 war axe (vorpal)
rCold   . . .      Faith    .   (no shield)
rNeg    . . .      Spirit   .   e - +0 scale mail
rPois   .          Reflect  .   (helmet restricted)
rElec   .          Harm     .   (no cloak)
rCorr   +          Rampage  .   (no gloves)
Will    +....                   (no boots)
Stlth   ..........              (no amulet)
HPRegen 0.22/turn               l - ring of willpower
MPRegen 0.10/turn               i - ring of resist corrosion

@: about to teleport, on berserk cooldown, slowed, very slow
A: horns 2, retaliatory headbutt
a: Renounce Religion, Berserk, Trog's Hand


You were on level 6 of the Dungeon.
You worshipped Trog.
Trog was most pleased with you.
You visited 1 branch of the dungeon, and saw 6 of its levels.

You collected 261 gold pieces.
You spent 138 gold pieces at shops.


Innate Abilities, Weirdness & Mutations

You have a pair of horns on your head.
You reflexively headbutt those who attack you in melee.


   Skills:
 - Level 7.5 Fighting
 + Level 12.3 Axes
 - Level 3.0 Armour
 - Level 2.1 Dodging


You had 7 spell levels left.
You didn't know any spells.
Your spell library was empty.

Inventory:

Hand Weapons
 b - a +0 flail
 Y - a +1 vorpal war axe (weapon)
Armour
 e - a +0 scale mail (worn)
 m - a +0 pair of gloves
Jewellery
 i - a ring of resist corrosion (right hand)
 l - a ring of willpower (left hand)
Scrolls
 j - a scroll of identify
 k - a scroll of enchant armour
Potions
 c - 2 potions of curing
 d - 3 potions of might
 f - a potion of ambrosia {unknown}
 g - a potion of haste {unknown}
 h - a potion of heal wounds {unknown}

Dungeon Overview and Level Annotations

Branches:
Dungeon (6/15)             Temple (0/1) D:6

Altars:
Elyvilon
Gozag
Nemelex Xobeh
Qazlal
Uskayaw
Xom

Shops:
D:4 *


Message History

The scorpion barely misses you. The gnoll barely misses you. x2
The phantom closely misses you.
You slash the scorpion!
You kill the scorpion!
The scorpion's corpse dissolves into shadows!
You hit the phantom.
You feel sick. The gnoll completely misses you. The gnoll closely misses you.
You slash the phantom!
The phantom is almost destroyed.
You feel sick. The phantom hits you.
The phantom blinks!
You blink.
5581 ||| INVOKING Berserk.
A red film seems to cover your vision as you go berserk!
You feel yourself moving faster!
You feel mighty!
You feel sick. The phantom hits you.
The phantom blinks!
You blink.
Found a stone staircase leading down.
You hit the phantom.
You destroy the phantom!
The phantom dissolves into shadows!
You feel sick.
You start resting.
You feel sick.
You feel a strong urge to attack something.
A gnoll is nearby!
You feel sick.
You feel your anger nearly subside.
You are no longer berserk.
You are exhausted.
You feel yourself slow down.
You feel sick.
5587 ||| Stepping ~*~*~tactically~*~*~ (hiding).
You feel sick.
You feel sick.
You are no longer poisoned.
The gnoll hits you but does no damage.
The gnoll hits you from afar with a +0 halberd!
The gnoll hits you from afar with a +0 halberd.
5589 ||| READING scroll of teleportation.
As you read the scroll of teleportation, it crumbles to dust.
You feel strangely unstable.
The gnoll hits you from afar with a +0 halberd. x2
The gnoll hits you with a +0 halberd!
You die...

## ##...##g# .#
#.##...##)#####
.#####.........)....#
.......######.).#####
......## #..##
....### #..## #..##
#...## ...######
##.gg#########
........####
##.@........>
#######....#
##.........
###..####.........#
##..##......####
#.....###..# #...###
#.## #.....# ..#
###..## ..## #.## .##


You could see 2 gnolls.

Vanquished Creatures
  Pikel (D:4)
  Grinder (D:3)
  2 water moccasins
  An ice beast (D:6)
  2 black bears (D:5)
  A phantom (D:5)
  2 lemures (D:4)
  A necrophage (D:5)
  A gnoll sergeant (D:6)
  A scorpion (D:6)
  A hound (D:5)
  Jessica (D:3)
  2 iguanas
  3 orc wizards
  6 gnolls
  6 adders
  A shadow imp (D:5)
  2 ufetubi
  A worm (D:2)
  3 dart slugs
  9 orcs
  5 endoplasms
  6 giant cockroaches
  6 goblins
  7 hobgoblins (D:1)
  8 jackals
  3 quokkas
  5 ball pythons
  5 bats
  2 frilled lizards
  9 kobolds
  6 rats
110 creatures vanquished.

Notes
Turn   | Place    | Note
-------+----------+-------------------------------------------
     0 | D:1      | qw the Minotaur Berserker began the quest for the Orb.
     0 | D:1      | Reached XP level 1. HP: 19/19 MP: 0/0
     0 | D:1      | 0 ||| qw: Version: 0.1-a-113-g051387a
     0 | D:1      | 0 ||| qw: Game counter: 7314
     0 | D:1      | 0 ||| qw: Always use a shield: true
     0 | D:1      | 0 ||| qw: Do Orc after D:15 true
     0 | D:1      | 0 ||| qw: Do second Lair branch before Depths: true
     0 | D:1      | 0 ||| qw: Lair rune preference: random
     0 | D:1      | 0 ||| qw: Plans: Normal
     0 | D:1      | 0 ||| PLANNING D:1-11
    14 | D:1      | 14 ||| Stepping ~*~*~tactically~*~*~ (stealth).
    16 | D:1      | 16 ||| Stepping ~*~*~tactically~*~*~ (stealth).
    91 | D:1      | Reached skill level 4 in Axes
   127 | D:1      | 127 ||| Stepping ~*~*~tactically~*~*~ (stealth).
   129 | D:1      | 129 ||| Stepping ~*~*~tactically~*~*~ (stealth).
   130 | D:1      | 130 ||| Stepping ~*~*~tactically~*~*~ (stealth).
   135 | D:1      | Reached XP level 2. HP: 24/26 MP: 1/1
   141 | D:1      | 141 ||| Stepping ~*~*~tactically~*~*~ (stealth).
   155 | D:1      | 155 ||| Stepping ~*~*~tactically~*~*~ (stealth).
   288 | D:1      | Found a faded altar of an unknown god.
   484 | D:1      | 484 ||| INVOKING Berserk.
   696 | D:1      | Reached skill level 5 in Axes
   909 | D:1      | Reached XP level 3. HP: 31/31 MP: 2/2
   921 | D:1      | Reached ** piety under Trog
  1156 | D:1      | 1156 ||| UPGRADING to +0 ring mail.
  1166 | D:1      | 1166 ||| DROPPING +0 animal skin.
  1167 | D:1      | 1167 ||| READING 2 scrolls labelled ACEESY BAEJEITT.
  1168 | D:1      | 1168 ||| DROPPING scroll of blinking.
  1207 | D:2      | 1207 ||| INVOKING Berserk.
  1215 | D:2      | 1215 ||| STAIRDANCE
  1369 | D:2      | 1369 ||| FLEEEEING.
  1370 | D:2      | 1370 ||| FLEEEEING.
  1371 | D:2      | 1371 ||| STAIRDANCE
  1441 | D:2      | 1441 ||| STAIRDANCE
  1550 | D:2      | 1550 ||| Stepping ~*~*~tactically~*~*~ (stealth).
  1551 | D:2      | 1551 ||| Stepping ~*~*~tactically~*~*~ (stealth).
  1554 | D:2      | 1554 ||| INVOKING Berserk.
  1560 | D:2      | Reached skill level 6 in Axes
  1560 | D:2      | Reached XP level 4. HP: 39/39 MP: 3/3
  1605 | D:2      | 1605 ||| DROPPING +0 whip.
  1606 | D:2      | 1606 ||| DROPPING +0 club.
  1621 | D:2      | 1621 ||| Stepping ~*~*~tactically~*~*~ (stealth).
  1671 | D:2      | 1671 ||| Stepping ~*~*~tactically~*~*~ (stealth).
  1676 | D:2      | 1676 ||| Stepping ~*~*~tactically~*~*~ (hiding).
  2128 | D:2      | 2128 ||| UPGRADING to +0 scale mail.
  2138 | D:2      | 2138 ||| DROPPING +0 ring mail.
  2139 | D:2      | 2139 ||| READING scroll labelled TEXTUU ODIOCSI.
  2186 | D:3      | Noticed Grinder
  2187 | D:3      | 2187 ||| INVOKING Trog's Hand.
  2189 | D:3      | 2189 ||| INVOKING Berserk.
  2200 | D:3      | Killed Grinder
  2201 | D:3      | Reached skill level 8 in Axes
  2201 | D:3      | Reached XP level 5. HP: 45/45 MP: 4/4
  2201 | D:3      | Reached XP level 6. HP: 51/51 MP: 5/5
  2316 | D:3      | Found a hide-covered altar of Uskayaw.
  2471 | D:3      | Noticed Jessica
  2472 | D:3      | 2472 ||| Stepping ~*~*~tactically~*~*~ (stealth).
  2486 | D:3      | 2486 ||| Stepping ~*~*~tactically~*~*~ (stealth).
  2487 | D:3      | 2487 ||| Stepping ~*~*~tactically~*~*~ (stealth).
  2492 | D:3      | Killed Jessica
  2587 | D:3      | 2587 ||| Stepping ~*~*~tactically~*~*~ (hiding).
  2589 | D:3      | 2589 ||| Stepping ~*~*~tactically~*~*~ (hiding).
  2710 | D:3      | 2710 ||| INVOKING Berserk.
  2826 | D:3      | 2826 ||| INVOKING Berserk.
  2957 | D:3      | 2957 ||| SWAPPING to +1 war axe of venom.
  2958 | D:3      | 2958 ||| DROPPING +0 hand axe.
  3111 | D:3      | 3111 ||| UPGRADING to ring of willpower.
  3112 | D:3      | 3112 ||| READING scroll labelled DASU NYWYSCH.
  3113 | D:3      | 3113 ||| READING scroll labelled MIMNYPR JIHU.
  3203 | D:4      | Found an opulent altar of Gozag.
  3229 | D:4      | Found a sparkling altar of Nemelex Xobeh.
  3355 | D:4      | Noticed Pikel
  3356 | D:4      | 3356 ||| Stepping ~*~*~tactically~*~*~ (stealth).
  3365 | D:4      | 3365 ||| INVOKING Berserk.
  3370 | D:4      | Killed Pikel
  3371 | D:4      | Reached skill level 11 in Axes
  3371 | D:4      | Reached XP level 7. HP: 59/59 MP: 6/6
  3456 | D:4      | 3456 ||| Stepping ~*~*~tactically~*~*~ (stealth).
  3457 | D:4      | 3457 ||| Stepping ~*~*~tactically~*~*~ (stealth).
  3510 | D:4      | 3510 ||| FLEEEEING.
  3511 | D:4      | 3511 ||| FLEEEEING.
  3512 | D:4      | 3512 ||| FLEEEEING.
  3513 | D:4      | 3513 ||| FLEEEEING.
  3515 | D:4      | 3515 ||| FLEEEEING.
  3524 | D:4      | 3524 ||| FLEEEEING.
  3525 | D:4      | 3525 ||| FLEEEEING.
  3531 | D:4      | 3531 ||| FLEEEEING.
  3532 | D:4      | 3532 ||| FLEEEEING.
  3533 | D:4      | 3533 ||| FLEEEEING.
  3534 | D:4      | 3534 ||| FLEEEEING.
  3537 | D:4      | 3537 ||| FLEEEEING.
  3538 | D:4      | 3538 ||| FLEEEEING.
  3539 | D:4      | 3539 ||| FLEEEEING.
  3540 | D:4      | 3540 ||| STAIRDANCE
  3649 | D:3      | 3649 ||| UPGRADING to ring of resist corrosion.
  3650 | D:3      | 3650 ||| READING 2 scrolls of identify.
  3650 | D:3      | 3650 ||| IDENTIFYING metallic orange potion
  3738 | D:4      | Found Hugelang's General Store.
  3741 | D:4      | 3741 ||| SHOPLISTING +2 plate armour of poison resistance
                  | (444 gold, have 175).
  3741 | D:4      | 3741 ||| BUYING scroll of brand weapon (114 gold).
  3741 | D:4      | Bought a scroll of brand weapon for 114 gold pieces
  3741 | D:4      | 3741 ||| BUYING scroll of identify (24 gold).
  3741 | D:4      | Bought a scroll of identify for 24 gold pieces
  3741 | D:4      | 3741 ||| READING scroll of brand weapon.
  3741 | D:4      | 3741 ||| BRANDING +1 war axe of venom.
  3966 | D:4      | 3966 ||| READING 2 scrolls labelled LUMOUS ODYOXT.
  3967 | D:4      | 3967 ||| READING scroll labelled AJIORGHIETT.
  3968 | D:4      | 3968 ||| READING 2 scrolls of identify.
  3968 | D:4      | 3968 ||| IDENTIFYING viscous amethyst potion
  3969 | D:4      | 3969 ||| DROPPING scroll of amnesia.
  3999 | D:5      | Entered Level 5 of the Dungeon
  4025 | D:5      | Reached XP level 8. HP: 62/69 MP: 7/7
  4119 | D:5      | Found a stormy altar of Qazlal.
  4121 | D:5      | Noticed an air elemental
  4151 | D:5      | Reached skill level 6 in Fighting
  4197 | D:5      | Reached *** piety under Trog
  4264 | D:5      | Found a shimmering altar of Xom.
  4349 | D:5      | 4349 ||| INVOKING Berserk.
  4535 | D:5      | 4535 ||| INVOKING Berserk.
  4537 | D:5      | Reached skill level 12 in Axes
  4759 | D:5      | Found a white marble altar of Elyvilon.
  4847 | D:5      | 4847 ||| READING scroll labelled NOUWUR ACKAEGO.
  4848 | D:5      | 4848 ||| READING 3 scrolls labelled HEEGRU SEIH.
  5010 | D:5      | 5010 ||| DROPPING 2 scrolls of torment.
  5553 | D:6      | Found a staircase to the Ecumenical Temple.
  5561 | D:6      | 5561 ||| Stepping ~*~*~tactically~*~*~ (hiding).
  5564 | D:6      | Reached skill level 3 in Armour
  5564 | D:6      | 5564 ||| Stepping ~*~*~tactically~*~*~ (hiding).
  5566 | D:6      | 5566 ||| Stepping ~*~*~tactically~*~*~ (hiding).
  5581 | D:6      | 5581 ||| INVOKING Berserk.
  5587 | D:6      | 5587 ||| Stepping ~*~*~tactically~*~*~ (hiding).
  5588 | D:6      | HP: 17/73 [gnoll/+0 halberd[a gnoll sergeant] (9)]
  5589 | D:6      | 5589 ||| READING scroll of teleportation.
  5589 | D:6      | HP: 6/73 [gnoll/+0 halberd[a gnoll sergeant] (3)]
  5590 | D:6      | Slain by a gnoll

Levels and vault maps discovered:
D:1:      erik_arrival_orb_chamber, layout_loops_cross,
          ebering_ecumenical_altar_petrified, st_stairs_12
D:2:      layout_loops_ring, nrook_loot_triangle
D:3:      layout_rooms, mainiacjoe_overflow_catwalk, uniq_grinder, uniq_jessica
D:4:      layout_basic, nemelex_xobeh_ov_fountains_minmay,
          mainiacjoe_overflow_tiny_flanked, serial_shops, kennysheep_mini,
          moated_statue, uniq_pikel
D:5:      layout_basic, nicolae_qazlal_style_of_elements,
          mainiacjoe_overflow_big_doors
D:6:      layout_layer_cave, minmay_temple_entry_stoned_glass, serial_shops,
          shop_coins

Skill      XL: |  1  2  3  4  5  6  7  8 |
---------------+-------------------------+-----
Axes           | 4 5 6 8 11 12 | 12.3
Fighting       | 4 5 7 |  7.5
Armour         | 3 |  3.0
Dodging        | |  2.1

Action                   |  1- 3 |  4- 6 |  7- 9 || total
-------------------------+-------+-------+-------++-------
Melee: Hand axe          |    93 |    80 |       ||   173
       Headbutt          |     9 |    19 |     9 ||    37
       War axe           |       |    14 |    88 ||   102
Invok: Berserk           |     3 |     4 |     3 ||    10
       Trog's Hand       |       |     1 |       ||     1
  Use: Scroll            |     1 |     3 |     8 ||    12
Armor: Animal skin       |    13 |       |       ||    13
       Ring mail         |     2 |     8 |       ||    10
       Scale mail        |       |    13 |    19 ||    32
Dodge: Dodged            |    46 |    44 |    33 ||   123

Table legend:
 A = Non-vault XP
 B = Vault XP
 C = Vault XP percentage of total XP
 D = Non-vault monster count
 E = Vault monster count
 F = Vault count percentage of total count
                 A         B        C        D         E       F
            +---------+---------+-------+---------+---------+-------
      Total |    1608 |     986 |  38.0 |     103 |       5 |   4.6
            +---------+---------+-------+---------+---------+-------
        D:1 |      44 |       3 |   6.4 |      26 |       2 |   7.1
        D:2 |      96 |       0 |   0.0 |      22 |       0 |   0.0
        D:3 |     127 |     332 |  72.3 |      22 |       2 |   8.3
        D:4 |      79 |     651 |  89.2 |       9 |       1 |  10.0
        D:5 |     727 |       0 |   0.0 |      15 |       0 |   0.0
        D:6 |     535 |       0 |   0.0 |       9 |       0 |   0.0
            +---------+---------+-------+---------+---------+-------
